 Dungeon Crawl Stone Soup version 0.25.1-2-g60ff931df9 (webtiles) character file.

Game seed: 17096163389823114429

344754 Johnny the Metallomancer (level 20, -6/129 HPs)
             Began as a Demigod Earth Elementalist on Oct 23, 2020.
             Killed by miscasting Shatter (9 damage)
             ... on level 3 of the Vaults.
             The game lasted 01:37:50 (58883 turns).

Johnny the Metallomancer (DgEE)                    Turns: 58883, Time: 01:37:50

Health: -6/129     AC:  7    Str: 11    XL:     20   Next: 30%
Magic:  8/56       EV: 12    Int: 40    God:
Gold:   1914       SH: 13    Dex: 11    Spells: 20/53 levels left

rFire    + . .     SeeInvis +   u - staff of earth
rCold    + + .     Gourm    .   s - +0 kite shield
rNeg     . . .     Faith    .   K - +0 robe of Piptagog {rElec rF+ MR++ Dex-3}
rPois    .         Spirit   .   Z - +3 crown of Dyrovepreva {rElec Int+2 SInv}
rElec    +         Reflect  .   m - scarf {harm}
rCorr    .         Harm     +   v - +0 pair of gloves {archery}
MR       ++++.                  h - +0 pair of boots of Monotheism {Regen+}
Stlth    ++........             I - amulet of magic regeneration
HPRegen  0.71/turn              k - ring of Gyec {rElec rC+ MP+9 Int+5 Dex-2}
MPRegen  0.60/turn              M - ring of Umeegi {rC+ Int+2 SInv}

@: very slightly contaminated, studying Shields
A: high mp 1
}: 2/15 runes: decaying, gossamer
a: no special abilities


You were on level 3 of the Vaults.
You were not hungry.

You visited 7 branches of the dungeon, and saw 37 of its levels.
You also visited: Trove, Volcano and Wizlab.

You collected 4801 gold pieces.
You spent 2887 gold pieces at shops.

Inventory:

Missiles
 b - 829 stones (quivered)
Armour
 h - the +0 pair of boots of Monotheism (worn) {Regen+}
   (You found it in a treasure trove)

   It increases your rate of regeneration.
 m - a scarf of harm (worn)
 s - a +0 kite shield (worn)
 v - a +0 pair of gloves of archery (worn)
 K - the +0 robe of Piptagog (worn) {rElec rF+ MR++ Dex-3}
   (You found it on level 6 of the Dungeon)

   It affects your dexterity (-3).
   It protects you from fire.
   It insulates you from electricity.
   It affects your resistance to hostile enchantments.
 Z - the +3 crown of Dyrovepreva (worn) {rElec Int+2 SInv}
   (You bought it in a shop on level 9 of the Dungeon)

   It affects your intelligence (+2).
   It insulates you from electricity.
   It lets you see invisible.
Magical Staves
 u - an uncursed staff of earth (weapon)
Jewellery
 k - the ring of Gyec (left hand) {rElec rC+ MP+9 Int+5 Dex-2}
   (You took it off a deep elf annihilator on level 3 of the Elven Halls)

   [ring of protection from cold]

   It affects your intelligence (+5).
   It affects your dexterity (-2).
   It protects you from cold.
   It insulates you from electricity.
   It affects your magic capacity (+9).
 q - an uncursed amulet of faith {unknown}
 y - a +6 ring of intelligence
 z - an uncursed ring of magical power
 I - an amulet of magic regeneration (around neck)
 M - the ring of Umeegi (right hand) {rC+ Int+2 SInv}
   (You took it off a deep elf demonologist on level 3 of the Elven Halls)

   [ring of protection from cold]

   It affects your intelligence (+2).
   It protects you from cold.
   It lets you see invisible.
 X - an uncursed ring of resist corrosion
Wands
 R - a wand of clouds (4)
 S - a wand of digging (3)
 V - a wand of iceblast (15)
 Y - a wand of acid (10)
Scrolls
 a - 11 scrolls of fog
 e - 5 scrolls of magic mapping
 l - 6 scrolls of enchant armour
 n - 7 scrolls of immolation
 p - 2 scrolls of blinking
 r - 8 scrolls of teleportation
 w - 18 scrolls of remove curse
 D - 4 scrolls of vulnerability
 P - 2 scrolls of holy word
 U - 5 scrolls of identify
Potions
 f - 9 potions of haste
 g - 3 potions of might
 i - 13 potions of curing
 j - 3 potions of flight
 x - 3 potions of magic
 A - 4 potions of lignification
 B - 3 potions of mutation
 C - 2 potions of stabbing
 E - 2 potions of invisibility
 F - 3 potions of ambrosia
 H - 3 potions of berserk rage
 J - 3 potions of cancellation
 N - 5 potions of resistance
 Q - 5 potions of brilliance
 W - 7 potions of heal wounds
Books
 o - a manual of Shields
Miscellaneous
 c - 4 phantom mirrors
 G - a lightning rod (4/4)
 L - a tin of tremorstones (3/3)
 O - a phial of floods
 T - a box of beasts
Comestibles
 d - 55 rations
 t - 5 chunks of flesh


   Skills:
 - Level 1.7 Dodging
 - Level 1.7 Stealth
 + Level 16.7 Shields
 + Level 17.0 Spellcasting
 - Level 0.8 Transmutations
 - Level 23.5 Earth Magic


You had 20 spell levels left.
You knew the following spells:

 Your Spells              Type           Power        Failure   Level  Hunger
a - Sandblast             Erth           ######       0%          1    None
b - Stone Arrow           Conj/Erth      ######       1%          3    None
c - Lee's Rapid Deconstr  Erth           ########..   0%          5    None
d - Petrify               Tmut/Erth      ########     1%          4    None
e - Blink                 Tloc           N/A          1%          2    None
f - Iron Shot             Conj/Erth      ########..   1%          6    None
g - Shatter               Erth           ########..   5%          9    ######.
h - Mephitic Cloud        Conj/Pois/Air  ####....     2%          3    None

Your spell library contained the following spells:

 Spells                   Type           Power        Failure   Level  Hunger
 Passwall                 Tmut/Erth      ########     0%          2    None
 Animate Skeleton         Necr           N/A          1%          1    None
 Beastly Appendage        Tmut           #####.       1%          1    None
 Corona                   Hex            ####...      1%          1    None
 Foxfire                  Conj/Fire      ####         1%          1    None
 Freeze                   Ice            ####         1%          1    None
 Infusion                 Chrm           ####         1%          1    None
 Magic Dart               Conj           ####         1%          1    None
 Pain                     Necr           ####         1%          1    None
 Shock                    Conj/Air       ####         1%          1    None
 Sting                    Tmut/Pois      ####         1%          1    None
 Call Imp                 Summ           ####....     1%          2    None
 Corpse Rot               Necr/Air       N/A          1%          2    None
 Ensorcelled Hibernation  Hex/Ice        ####..       1%          2    None
 Poisonous Vapours        Pois/Air       ####..       1%          2    None
 Searing Ray              Conj           ####..       1%          2    None
 Shroud of Golubria       Chrm/Tloc      ####..       1%          2    None
 Slow                     Hex            ####....     1%          2    None
 Song of Slaying          Chrm           ####....     1%          2    None
 Sticks to Snakes         Tmut           #####...     1%          2    None
 Swiftness                Chrm/Air       ####....     1%          2    None
 Leda's Liquefaction      Hex/Erth       ########..   1%          4    None
 Bolt of Magma            Conj/Fire/Erth #######...   1%          5    None
 Statue Form              Tmut/Erth      ########.    1%          6    None
 Confusing Touch          Hex            ####....     2%          3    None
 Conjure Flame            Conj/Fire      ####....     2%          3    None
 Dazzling Flash           Conj/Hex       ####..       2%          3    None
 Frozen Ramparts          Ice            ####..       2%          3    None
 Gell's Gravitas          Tloc           ####......   2%          3    None
 Ignite Poison            Fire/Tmut/Pois #####...     2%          3    None
 Inner Flame              Hex/Fire       ####....     2%          3    None
 Ozocubu's Armour         Chrm/Ice       ####....     2%          3    None
 Recall                   Summ/Tloc      N/A          2%          3    None
 Spectral Weapon          Hex/Chrm       ####....     2%          3    None
 Spider Form              Tmut/Pois      #####.....   2%          3    None
 Static Discharge         Conj/Air       ####....     2%          3    None
 Tukima's Dance           Hex            ####....     2%          3    None
 Vampiric Draining        Necr           ####......   2%          3    None
 Ice Form                 Ice/Tmut       #####...     7%          4    None
 Airstrike                Air            ####......   9%          4    None
 Animate Dead             Necr           N/A          9%          4    None
 Fulminant Prism          Conj/Hex       ####......   9%          4    None
 Hailstorm                Conj/Ice       ####....     9%          4    None
 Iskenderun's Mystic Bla  Conj/Tloc      ####....     9%          4    None
 Olgreb's Toxic Radiance  Pois           ####....     9%          4    None
 Passage of Golubria      Tloc           N/A          9%          4    None
 Sticky Flame             Conj/Fire      ####....     9%          4    None
 Summon Ice Beast         Ice/Summ       ####....     9%          4    None
 Blade Hands              Tmut           #####.....   17%         5    None
 Irradiate                Conj/Tmut      #####.....   21%         5    None
 Yara's Violent Unravell  Hex/Tmut       #####.....   21%         5    None
 Agony                    Necr           ####....     24%         5    None
 Aura of Abjuration       Summ           ####......   24%         5    None
 Fireball                 Conj/Fire      ####......   24%         5    None
 Iskenderun's Battlesphe  Conj/Chrm      ####....     24%         5    None
 Lightning Bolt           Conj/Air       ####......   24%         5    None
 Metabolic Englaciation   Hex/Ice        ####......   24%         5    None
 Summon Demon             Summ           ####......   24%         5    None
 Summon Forest            Summ/Tloc      ####......   24%         5    None
 Summon Mana Viper        Hex/Summ       ####....     24%         5    None
 Hydra Form               Tmut           #####.....   67%         6    None
 Darkness                 Hex            ####......   78%         6    None
 Freezing Cloud           Conj/Ice/Air   ####......   78%         6    None
 Invisibility             Hex            ####....     78%         6    None
 Shadow Creatures         Summ           N/A          78%         6    None
 Starburst                Conj/Fire      ####......   78%         6    None
 Dragon Form              Tmut           #####.....   99%         7    #......
 Malign Gateway           Summ/Tloc      ####......   100%        7    #......
 Monstrous Menagerie      Summ           ####......   100%        7    #......
 Orb of Destruction       Conj           ####......   100%        7    #......
 Spellforged Servitor     Conj/Summ      ####......   100%        7    #......
 Summon Greater Demon     Summ           ####......   100%        7    #......
 Summon Horrible Things   Summ           ####......   100%        8    ####...


Dungeon Overview and Level Annotations

Branches:
Dungeon (15/15)            Temple (0/1) D:5            Lair (6/6) D:10
  Swamp (4/4) Lair:3       Spider (4/4) Lair:3        Slime (0/5) Lair:5
    Orc (2/2) D:12            Elf (3/3) Orc:2        Vaults (3/5) D:13
  Crypt (0/3) Vaults:2     Depths (0/5) D:15        Volcano (visited)
 WizLab (visited)

Shops:
D:5 (   D:9 [   Orc:2 %:}?   Elf:2 (   Elf:3 %?=   Vaults:2 :


Innate Abilities, Weirdness & Mutations

You have an increased reservoir of magic. (+10% MP)


Message History

A door shatters! x2
Ka-crash!
You hear a horrible gurgling sound!
You hear a shout! x2
You hear a deafening roar!
The fire giant gestures at you while chanting.
The fireball explodes!
The fireball engulfs you! You resist.
* * * LOW HITPOINT WARNING * * *
You hear a shout! x2
Unknown command.
Unknown command.
Unknown command.
Unknown command.
Unknown command.
Unknown command.
Unknown command.
Unknown command.
Casting: Shatter (dangerous; 5% risk of failure)
Confirm with . or Enter, or press ? or * to list all spells.
You feel a surge of power!
You miscast Shatter.
You are caught in an explosion of flying shrapnel.
You die...

.. .. ... ## # ####.#
....##.#.####.#..#
................#. .
#..#...#.....<... ...
.............#
.....#.##.....#.)#.
..).).).((.@÷...)..
...)>......#..)..##
.................#####
.........C.....#.....##
##.##......†.....##...##
# #..J.#...#...# ##...
.............# ##...##
...######..#.# #..<..#
...###.....##


You could see a fire giant and a slime creature.

Vanquished Creatures
  the Lernaean hydra (Swamp:4)
  Arachne (Spider:4)
  A Cloud Mage (WizLab)
  Rupert (Lair:5)
  A tentacled monstrosity (Vaults:1)
  Jorgrun (D:12)
  Asterion (Spider:1)
  3 deep elf blademasters
  2 deep elf master archers (Elf:3)
  The ghost of lllmatko the Warrior, an adept MiBe of Trog (Spider:1)
  Roxanne (D:14)
  Donald (Swamp:3)
  Kirke (Swamp:3)
  The ghost of OdinFK the Impaler, an adept MfSk of Fedhas (Spider:1)
  3 deep elf sorcerers
  6 ghost moths
  Aizul (Spider:1)
  7 vault wardens
  5 deep elf elementalists
  2 stone giants (Vaults:2)
  7 ironheart preservers
  4 emperor scorpions
  The ghost of Maykoer the Fighter, a journeyman GrFi of the Shining One (Elf:3)
  The ghost of Xoodymo the Severer, a journeyman MiBe of Trog (Elf:2)
  3 entropy weavers
  8 deep elf demonologists
  4 deep elf annihilators (Elf:3)
  7 spark wasps
  A crystal guardian (Vaults:2)
  5 blizzard demons (WizLab)
  5 deep elf death magi
  A fire dragon (Vaults:3)
  A deep elf high priest (Elf:3)
  An ice dragon (Vaults:2)
  2 yaktaur captains
  2 great orbs of eyes (Vaults:1)
  Erolcha (D:9)
  2 catoblepae
  6 ogre magi
  4 vault guards
  2 rakshasas
  22 hydras
  3 shambling mangroves
  3 spriggan air magi (WizLab)
  7 ghost crabs (WizLab)
  Harold (D:9)
  7 centaur warriors
  A merfolk avatar (Lair:6)
  20 alligators
  A death knight (D:12)
  22 two-headed ogres
  23 dancing weapons
  A queen ant (Spider:2)
  6 death yaks (Lair:4)
  5 orc high priests (Orc:2)
  A vampire mage (D:15)
  Nergalle (Lair:2)
  2 shock serpents (WizLab)
  Sonja (Lair:4)
  13 deep elf knights
  A sea snake (Lair:6)
  4 death drakes (WizLab)
  A fire crab (Lair:5)
  10 skeletal warriors
  6 wizards
  A spriggan druid (Swamp:3)
  Pikel (D:4)
  13 swamp dragons
  16 deep elf archers
  An orange crystal statue (Elf:3)
  3 necromancers
  2 phantasmal warriors (D:11)
  7 ironbrand convokers
  A harpy (shapeshifter) (Elf:1)
  8 harpies
  A lindwurm (shapeshifter) (Vaults:2)
  7 orc knights
  44 deep elf magi
  A sphinx zombie (D:15)
  19 orb spiders
  34 wolf spiders
  19 ugly things
  An orc sorcerer (Orc:2)
  8 cyclopes
  10 elephants
  3 manticores
  An elf zombie (D:15)
  A moth of wrath (Spider:2)
  5 black mambas
  2 apocalypse crabs (WizLab)
  3 vault sentinels
  3 torpor snails
  3 gargoyles (Volcano)
  13 komodo dragons
  An efreet (Volcano)
  3 kobold demonologists
  12 demonic crawlers
  22 spiny frogs
  26 yaktaurs
  4 rime drakes
  A freezing wraith (D:14)
  A tengu conjurer (D:13)
  13 tyrant leeches
  A wind drake (WizLab)
  A meliai (shapeshifter) (Vaults:3)
  2 wolf spider simulacra (D:15)
  43 jumping spiders
  4 polar bears
  3 trolls
  20 slime creatures
  17 hornets
  21 blink frogs
  Grinder (D:3)
  7 hippogriffs
  7 dream sheep (Lair:5)
  2 spriggan zombies (D:15)
  16 bog bodies
  86 redbacks
  2 shadows
  2 spriggans
  3 centaur simulacra (D:15)
  4 water elementals
  8 air elementals
  A vampire (D:14)
  3 hogs (Swamp:3)
  A redback (shapeshifter) (Vaults:1)
  8 wyverns
  44 yaks
  28 tarantellas
  4 basilisks
  19 humans (D:13)
  A wraith (D:12)
  3 fire elementals (Elf:3)
  2 hungry ghosts
  A fire bat (D:8)
  15 vampire mosquitoes
  13 insubstantial wisps
  7 wargs
  16 water moccasins
  24 soldier ants
  11 swamp worms
  4 acid dragons
  7 porcupines
  12 swamp drakes
  A meliai simulacrum (D:15)
  39 orc warriors
  3 phantoms
  4 slaves (D:4)
  7 ice beasts
  2 eyes of draining (D:15)
  3 sky beasts
  7 boggarts
  A necrophage (D:7)
  25 ogres
  43 wolves
  15 centaurs
  17 crocodiles
  4 big kobolds
  18 bullfrogs
  2 earth elementals
  A wyvern skeleton (D:4)
  3 scorpions
  7 killer bees
  3 wights (D:9)
  2 vampire bats (Lair:3)
  3 crimson imps
  2 bullfrog zombies (D:12)
  3 jellies
  34 orc wizards
  42 orc priests
  Crazy Yiuf (D:2)
  2 centaur skeletons (D:11)
  5 hounds
  A bullfrog skeleton (D:5)
  3 iguanas
  25 worker ants
  3 hell rats (Lair:1)
  A hound zombie (D:6)
  A hound skeleton (D:8)
  2 worker ant zombies
  A howler monkey zombie (D:6)
  Robin (D:4)
  14 adders
  4 gnolls (D:3)
  7 river rats (Lair:1)
  3 shadow imps
  An ooze (D:3)
  An adder zombie (D:6)
  An adder skeleton (D:8)
  6 worms
  3 dart slugs (D:1)
  4 leopard geckos
  104 orcs
  A ball python (D:5)
  9 giant cockroaches
  20 goblins
  9 hobgoblins
  16 kobolds
  3 quokkas
  14 bats
  4 frilled lizards
  2 leopard gecko skeletons
  10 rats
  2 fungi (Lair:5)
  3 plants
1637 creatures vanquished.

Vanquished Creatures (collateral kills)
  A slime creature (Swamp:1)
  3 insubstantial wisps (Swamp:1)
4 creatures vanquished.

Vanquished Creatures (others)
  A human (Swamp:3)
  A swamp worm (Lair:3)
  A water moccasin (Lair:4)
  A wolf (Lair:6)
  41 fungi
  37 plants
  2 withered plants
84 creatures vanquished.

Grand Total: 1725 creatures vanquished

Notes
Turn   | Place    | Note
-------+----------+-------------------------------------------
     0 | D:1      | Johnny the Demigod Earth Elementalist began the quest for
                  | the Orb.
     0 | D:1      | Reached XP level 1. HP: 14/14 MP: 5/5
   114 | D:1      | Reached skill level 3 in Earth Magic
   334 | D:1      | Reached XP level 2. HP: 19/20 MP: 4/7
  1396 | D:2      | Reached XP level 3. HP: 21/26 MP: 9/9
  1683 | D:2      | Found a bloodstained altar of Trog.
  1879 | D:2      | Found a runed translucent door.
  1880 | D:2      | Noticed Crazy Yiuf
  1887 | D:2      | Killed Crazy Yiuf
  1887 | D:2      | Reached skill level 4 in Earth Magic
  2229 | D:3      | Learned a level 3 spell: Stone Arrow
  2236 | D:3      | Reached XP level 4. HP: 33/33 MP: 8/10
  2368 | D:3      | Reached XP level 5. HP: 38/38 MP: 9/12
  2550 | D:3      | Noticed Grinder
  2563 | D:3      | Killed Grinder
  2563 | D:3      | Reached skill level 5 in Earth Magic
  2563 | D:3      | Reached XP level 6. HP: 43/45 MP: 9/14
  2697 | D:3      | Found a glowing golden altar of the Shining One.
  2735 | D:3      | Found a shadowy altar of Dithmenos.
  2934 | D:3      | Found an ornate altar of the Wu Jian Council.
  3412 | D:4      | Found a shimmering blue altar of Sif Muna.
  3416 | D:4      | Reached skill level 6 in Earth Magic
  3418 | D:4      | Noticed Robin
  3428 | D:4      | Killed Robin
  3440 | D:4      | Found a white marble altar of Elyvilon.
  3462 | D:4      | Reached skill level 1 in Shields
  4149 | D:4      | Noticed Pikel
  4160 | D:4      | Killed Pikel
  4160 | D:4      | Reached skill level 7 in Earth Magic
  4160 | D:4      | Reached XP level 7. HP: 50/50 MP: 6/17
  4342 | D:5      | Entered Level 5 of the Dungeon
  4444 | D:5      | Learned a level 5 spell: Lee's Rapid Deconstruction
  4449 | D:5      | Learned a level 4 spell: Petrify
  4462 | D:5      | Reached XP level 8. HP: 43/57 MP: 14/18
  4773 | D:5      | Found Ducowiff's Weapon Shop.
  4949 | D:5      | Reached skill level 5 in Spellcasting
  5050 | D:5      | Reached skill level 8 in Earth Magic
  5266 | D:5      | Found a staircase to the Ecumenical Temple.
  5385 | D:6      | Got a fine robe
  5398 | D:6      | Identified the +0 robe of Piptagog {rElec rF+ MR++ Dex-3}
                  | (You found it on level 6 of the Dungeon)
  5617 | D:6      | Found a shimmering blue altar of Sif Muna.
  5685 | D:6      | Noticed a two-headed ogre
  5689 | D:6      | Killed a two-headed ogre
  5737 | D:6      | Reached skill level 9 in Earth Magic
  5737 | D:6      | Reached XP level 9. HP: 61/62 MP: 5/21
  6396 | D:6      | Found a sparkling altar of Nemelex Xobeh.
  6396 | D:6      | Found a glowing silver altar of Zin.
  6752 | D:7      | Reached skill level 5 in Shields
  7318 | D:7      | Found a blossoming altar of Fedhas.
  7318 | D:7      | Found a sacrificial altar of Ru.
  7318 | D:7      | Found a burning altar of Makhleb.
  7859 | D:8      | Reached skill level 10 in Earth Magic
  8447 | D:8      | Found an ancient bone altar of Kikubaaqudgha.
  8451 | D:8      | Found an opulent altar of Gozag.
  8456 | D:8      | Found a snail-covered altar of Cheibriados.
  9118 | D:8      | Reached XP level 10. HP: 57/69 MP: 22/24
 10157 | D:9      | Reached skill level 11 in Earth Magic
 10324 | D:9      | Noticed Erolcha
 10329 | D:9      | Killed Erolcha
 10724 | D:9      | Found Ses Jita's Antique Armour Shoppe.
 10750 | D:9      | Bought a runed cloak for 270 gold pieces
 10764 | D:9      | You fall into a shaft and drop 2 floors!
 10764 | D:11     | Noticed a two-headed ogre
 10769 | D:11     | Killed a two-headed ogre
 10992 | D:10     | Entered Level 10 of the Dungeon
 10992 | D:10     | Noticed a two-headed ogre
 11555 | D:11     | Reached XP level 11. HP: 52/74 MP: 20/26
 12259 | D:9      | Reached skill level 12 in Earth Magic
 12384 | D:9      | Found a stormy altar of Qazlal.
 12426 | D:9      | Noticed Harold
 12430 | D:9      | Killed Harold
 13092 | D:10     | Found a staircase to the Lair.
 13321 | D:10     | Killed a two-headed ogre
 14066 | D:11     | Got a dazzling flail
 14067 | D:11     | Identified the +2 flail of the Extremes {flame, Int+4} (You
                  | found it on level 11 of the Dungeon)
 14942 | D:12     | Noticed a two-headed ogre
 14949 | D:12     | Killed a two-headed ogre
 15007 | D:12     | Noticed a death knight
 15018 | D:12     | Noticed a phantasmal warrior
 15020 | D:12     | Noticed a phantasmal warrior
 15023 | D:12     | Killed a death knight
 15023 | D:12     | Reached skill level 13 in Earth Magic
 15026 | D:11     | HP: 2/74 [phantasmal warrior[a death knight] (5)]
 15408 | D:12     | Found a staircase to the Orcish Mines.
 15423 | D:12     | Found a roughly hewn altar of Beogh.
 16331 | D:13     | Noticed a centaur warrior
 16345 | D:13     | Killed a centaur warrior
 16980 | D:13     | Noticed a wizard
 16984 | D:13     | Killed a wizard
 16984 | D:13     | Reached XP level 12. HP: 81/81 MP: 9/29
 17339 | D:13     | Noticed a vault guard
 17343 | D:13     | Killed a vault guard
 17795 | D:13     | Found a gate to the Vaults.
 18296 | D:14     | Reached skill level 14 in Earth Magic
 19087 | D:14     | Noticed a vault guard
 19091 | D:14     | Killed a vault guard
 19151 | D:14     | Found a portal to a secret trove of treasure.
 19328 | D:14     | Identified Roxanne's Disquisition on Changing
 19328 | D:14     | Noticed Roxanne
 19332 | D:14     | Killed Roxanne
 19616 | D:15     | Entered Level 15 of the Dungeon
 19648 | D:15     | Reached skill level 10 in Shields
 19803 | D:15     | Noticed a centaur warrior
 19807 | D:15     | Killed a centaur warrior
 19807 | D:15     | Reached skill level 10 in Spellcasting
 20214 | D:15     | Reached XP level 13. HP: 78/86 MP: 25/31
 20411 | D:15     | Found a staircase to the Depths.
 20857 | D:15     | Reached skill level 15 in Earth Magic
 22075 | Orc:1    | Entered Level 1 of the Orcish Mines
 22078 | Orc:1    | Noticed Jorgrun
 22980 | D:12     | Learned a level 3 spell: Mephitic Cloud
 23543 | D:12     | Killed Jorgrun
 24186 | Orc:2    | Entered Level 2 of the Orcish Mines
 25650 | Orc:2    | Found Eteolixe's Food Shoppe.
 25650 | Orc:2    | Found Qigiukub's Magic Scroll Emporium.
 25650 | Orc:2    | Found Gicaija's Book Shoppe.
 25653 | Orc:2    | Found Tuptoh's Gadget Emporium.
 25658 | Orc:2    | Bought a scroll of identify for 30 gold pieces
 25658 | Orc:2    | Bought a scroll of blinking for 112 gold pieces
 25658 | Orc:2    | Bought a scroll of identify for 30 gold pieces
 25658 | Orc:2    | Bought a scroll of identify for 30 gold pieces
 25658 | Orc:2    | Bought a scroll of magic mapping for 52 gold pieces
 25658 | Orc:2    | Bought a scroll of noise for 15 gold pieces
 25658 | Orc:2    | Bought a scroll of fear for 52 gold pieces
 25658 | Orc:2    | Bought 3 scrolls of teleportation for 135 gold pieces
 25658 | Orc:2    | Bought a scroll of vulnerability for 112 gold pieces
 25659 | Orc:2    | Identified a scroll of acquirement
 25665 | Orc:2    | Acquired a book of the Earth
 25676 | Orc:2    | Learned a level 6 spell: Iron Shot
 26126 | Orc:2    | Found a staircase to the Elven Halls.
 26684 | Lair:1   | Entered Level 1 of the Lair of Beasts
 27126 | Lair:1   | You fall into a shaft and drop 1 floor!
 27436 | Lair:2   | Noticed Nergalle
 27440 | Lair:2   | Killed Nergalle
 27440 | Lair:2   | Reached skill level 16 in Earth Magic
 27688 | Lair:2   | Reached XP level 14. HP: 93/93 MP: 22/33
 29687 | Lair:3   | Found a staircase to the Swamp.
 30419 | Lair:3   | Found a hole to the Spider Nest.
 30996 | Lair:4   | Noticed Sonja
 31007 | Lair:4   | Killed Sonja
 31236 | D:14     | You paid a toll of 5 scrolls of blinking to enter a
                  | treasure trove
 31237 | Trove    | Entered a treasure trove
 31241 | Trove    | Found the +0 mask of the Dragon {MR+ Slay+3 SInv}
 31242 | Trove    | Found the +3 robe of Clouds {+Thunder rCloud rElec}
 31250 | Trove    | Got a pair of polished boots
 31259 | Trove    | Got a warped scale mail
 31273 | Trove    | Got a slimy crystal plate armour
 31280 | Trove    | Identified the +0 pair of boots of Monotheism {Regen+} (You
                  | found it in a treasure trove)
 31321 | Trove    | Identified the +13 crystal plate armour of Jyrofu Egri
                  | {Int+7} (You found it in a treasure trove)
 31331 | Trove    | Learned a level 9 spell: Shatter
 31351 | Trove    | Identified a +0 pair of boots of running (You found it in a
                  | treasure trove)
 31381 | Trove    | Identified the +1 scale mail "Owkiut" {rN+ Int+3 Dex-3}
                  | (You found it in a treasure trove)
 32460 | Lair:5   | Found a viscous altar of Jiyva.
 32461 | Lair:5   | Found a staircase to the Slime Pits.
 32847 | Lair:5   | Reached skill level 17 in Earth Magic
 32938 | Lair:5   | Noticed Rupert
 32945 | Lair:5   | Killed Rupert
 33448 | Lair:5   | Got a transparent hand axe
 33554 | Lair:5   | Identified the +1 hand axe "Xyedyzit" {elec, *Contam rPois
                  | rF+ rC+} (You found it on level 5 of the Lair of Beasts)
 33673 | Lair:5   | You fall into a shaft and drop 1 floor!
 33673 | Lair:6   | Entered Level 6 of the Lair of Beasts
 33755 | Lair:6   | Found a dark tunnel.
 33760 | Volcano  | Entered a volcano
 34193 | Lair:6   | Reached XP level 15. HP: 96/99 MP: 12/36
 36471 | D:9      | Bought the +3 crown of Dyrovepreva {rElec Int+2 SInv} for
                  | 1490 gold pieces
 36471 | D:9      | Found the +3 crown of Dyrovepreva {rElec Int+2 SInv}
 36688 | Elf:1    | Entered Level 1 of the Elven Halls
 36797 | Elf:1    | Reached skill level 18 in Earth Magic
 38061 | Elf:2    | Found Kaleyw's Antique Weapon Shoppe.
 38263 | Elf:2    | Found a runed translucent gate.
 38263 | Elf:2    | Found a runed translucent gate.
 38273 | Elf:2    | Found a runed translucent gate.
 38563 | Elf:2    | Found a runed translucent gate.
 38563 | Elf:2    | Found a runed translucent gate.
 38564 | Elf:2    | Found a runed translucent gate.
 38564 | Elf:2    | Noticed Xoodymo's ghost (journeyman MiBe)
 38604 | Elf:2    | Killed Xoodymo's ghost
 39003 | Elf:2    | Noticed a deep elf blademaster
 39006 | Elf:2    | Killed a deep elf blademaster
 39111 | Elf:2    | Reached XP level 16. HP: 105/105 MP: 38/38
 39468 | Elf:2    | Reached skill level 19 in Earth Magic
 39727 | Elf:3    | Entered Level 3 of the Elven Halls
 39886 | Elf:3    | Found Rumibeg's Magic Scroll Shoppe.
 39887 | Elf:3    | Found Voprooq's Food Boutique.
 39900 | Elf:3    | Bought a scroll of identify for 42 gold pieces
 39900 | Elf:3    | Bought a scroll of blinking for 157 gold pieces
 40473 | Elf:3    | Noticed a deep elf blademaster
 40475 | Elf:3    | Killed a deep elf blademaster
 40683 | Elf:3    | Found a runed translucent door.
 40684 | Elf:3    | Noticed Maykoer's ghost (journeyman GrFi)
 40725 | Elf:3    | Killed Maykoer's ghost
 40822 | Elf:3    | Noticed a deep elf master archer
 40823 | Elf:3    | Killed a deep elf master archer
 40854 | Elf:3    | Identified the ring of Activism {Fire rElec Int+2 Dex-2}
 40860 | Elf:3    | Identified the +1 chain mail of the Desolation of Salt
                  | {-Tele rF+ Slay+3}
 40860 | Elf:3    | Noticed a deep elf blademaster
 40863 | Elf:3    | Killed a deep elf blademaster
 40870 | Elf:3    | Identified the ring of Umeegi {rC+ Int+2 SInv}
 40929 | Elf:3    | Noticed a deep elf master archer
 40931 | Elf:3    | Killed a deep elf master archer
 41088 | Elf:3    | Identified the ring of Gyec {rElec rC+ MP+9 Int+5 Dex-2}
 41095 | Elf:3    | Identified the +12 dagger of Fulefad {pain, Dex+4}
 41127 | Elf:3    | Identified the +11 war axe of the Eternal Warrior {drain,
                  | *Slow +Fly rPois MR+}
 41308 | Elf:3    | Identified the Handbook of the Frostbite and Ignition
 41345 | Elf:3    | Got a masterwork scale mail
 41346 | Elf:3    | Identified the cursed +1 scale mail "Etsirij" {Str+6} (You
                  | found it on level 3 of the Elven Halls)
 41409 | Elf:3    | Found Ygol's Jewellery Shoppe.
 41504 | Elf:3    | Bought an uncursed ring of poison resistance for 360 gold
                  | pieces
 41829 | Swamp:1  | Entered Level 1 of the Swamp
 41927 | Swamp:1  | Reached XP level 17. HP: 72/111 MP: 33/40
 42353 | Lair:3   | Learned a level 2 spell: Blink
 42468 | Swamp:1  | Reached skill level 20 in Earth Magic
 43362 | Swamp:2  | Paralysed by a hornet for 3 turns
 44380 | Swamp:3  | Noticed Kirke
 44445 | Swamp:3  | Killed Kirke
 44786 | Swamp:3  | Noticed Donald
 44793 | Swamp:3  | Killed Donald
 45000 | Swamp:3  | Found a hazy altar of Hepliaklqana.
 45839 | Swamp:4  | Entered Level 4 of the Swamp
 46829 | Swamp:4  | Reached skill level 15 in Shields
 47068 | Swamp:4  | Noticed the 27-headed Lernaean hydra
 47409 | Swamp:4  | Killed the 27-headed Lernaean hydra
 47431 | Swamp:4  | Got a decaying rune of Zot
 47747 | Spider:1 | Entered Level 1 of the Spider Nest
 48077 | Spider:1 | Reached skill level 21 in Earth Magic
 48200 | Spider:1 | Reached XP level 18. HP: 117/117 MP: 42/42
 48285 | Spider:1 | Noticed Aizul
 48290 | Spider:1 | Noticed Asterion
 48306 | Spider:1 | Killed Asterion
 48350 | Spider:1 | Killed Aizul
 48878 | Spider:1 | Found a runed translucent gate.
 48878 | Spider:1 | Found a runed translucent gate.
 48878 | Spider:1 | Found a runed translucent gate.
 48878 | Spider:1 | Noticed lllmatko's ghost (adept MiBe)
 48879 | Spider:1 | Noticed OdinFK's ghost (adept MfSk)
 49110 | Spider:1 | Killed OdinFK's ghost
 49112 | Spider:1 | Killed lllmatko's ghost
 49165 | Spider:1 | Got a transparent pewter amulet
 49173 | Spider:1 | Identified the amulet "Qaorghad" {Faith rF+} (You found it
                  | on level 1 of the Spider Nest)
 49768 | Spider:2 | Reached skill level 15 in Spellcasting
 51388 | Spider:4 | Entered Level 4 of the Spider Nest
 51575 | Spider:4 | Noticed Arachne
 51579 | Spider:3 | HP: 4/117 [hornet (12)]
 51579 | Spider:3 | Paralysed by a hornet for 2 turns
 52064 | Spider:3 | Reached skill level 22 in Earth Magic
 52501 | Spider:4 | Got a gossamer rune of Zot
 53331 | Spider:4 | Reached XP level 19. HP: 120/123 MP: 36/44
 53340 | Spider:4 | Killed Arachne
 53908 | Vaults:1 | Entered Level 1 of the Vaults
 54875 | Vaults:1 | Reached skill level 23 in Earth Magic
 56046 | Vaults:1 | Got a fine ring mail
 56128 | Vaults:1 | Identified the +8 ring mail "Tollor" {rPois rC- rN+} (You
                  | found it on level 1 of the Vaults)
 56185 | Vaults:2 | Found a magical portal.
 56198 | WizLab   | Entered The Chambers of the Cloud Mage
 56805 | WizLab   | Identified the +4 robe of Sunlight {Dex+2 Slay-6 SInv
                  | Stlth+}
 56984 | WizLab   | Identified Sif Muna's Catalogue of the Birds
 56996 | WizLab   | Got a sparkling iron ring
 56998 | WizLab   | Identified the ring "Ixtuala" {+Fly Dex+4} (You found it in
                  | a wizard's laboratory)
 57438 | Vaults:2 | Reached XP level 20. HP: 129/129 MP: 40/46
 58222 | Vaults:2 | Found a staircase to the Crypt.
 58222 | Vaults:2 | Found a basalt altar of Yredelemnul.
 58223 | Vaults:2 | Found an ancient bone altar of Kikubaaqudgha.
 58254 | Vaults:2 | Found Seun's Book Boutique.
 58882 | Vaults:3 | HP: 3/129 [fire giant/fireball (20)]
 58883 | Vaults:3 | Killed by miscasting Shatter

Illustrated notes

Levels and vault maps discovered:
D:1:      dpeg_arrival_rooms_c, layout_loops_ring
D:2:      layout_basic, lightli_temple_of_fire, minmay_pentomino_z2,
          uniq_crazy_yiuf_cottage
D:3:      layout_basic, marbit_many_paths, lemuel_round_altar,
          grunt_dithmenos_smoke_and_mirrors, serial_corexii_hall,
          chequers_hall_statues_wall_a, corexii_hall_statues_l, first_ration,
          uniq_grinder
D:4:      layout_rooms, grunt_temple_overflow_open, minivault_26, uniq_robin,
          uniq_pikel
D:5:      layout_basic, minmay_temple_entry_hall, serial_shops, shop
D:6:      layout_loops_ring, chequers_temple_overflow_statue_of_worship,
          basic_altar
D:7:      layout_basic, gammafunk_temple_overflow_claw
D:8:      layout_gridville, minmay_overflow_temple_star_quad, grunt_pizzeria
D:9:      layout_stronghold, serial_shops,
          nicolae_shop_competitors_out_of_business,
          nicolae_qazlal_general_emergency, uniq_erolcha, uniq_harold
D:10:     layout_roguey, due_lair_maze_entry_diamond
D:11:     layout_irregular_city
D:12:     layout_cross, minmay_orc_entry_temple_large, hex_large
D:13:     layout_basic, grunt_vaults_entry_tiered
D:14:     layout_roguey, enter_trove_5, uniq_roxanne
D:15:     gammafunk_depths_entry_grave, layout_irregular_city, serial_ice,
          serial_ice_g, serial_ice_n, serial_ice_h, serial_ice_i, serial_ice_o,
          serial_ice_c, hangedman_decor_slide_cut
Lair:1:   layout_hall_layers, st_stairs_8, kennysheep_abandoned_house
Lair:2:   layout_gridlike, chequers_serial_rivers_micro_a, beast_lair_carwin_9,
          uniq_nergalle
Lair:3:   layout_roguey, minmay_swamp_entry_worms,
          nicolae_spider_entry_tight_spaces, roderic_batcave
Lair:4:   layout_regular_city, minivault_24, uniq_sonja
Lair:5:   minmay_lair_venomous_thicket, layout_cave_pods, slime_altar_1,
          beast_lair_carwin_11, uniq_rupert
Lair:6:   gammafunk_lair_ancient_temple, layout_big_grid, enter_volcano_4,
          grunt_forest_large_clearings
Swamp:1:  layout_basic_swamp, hangedman_swamp_ruin_wall
Swamp:2:  layout_basic_swamp, hangedman_swamp_blocks
Swamp:3:  layout_falls_marsh, nicolae_swamp_godswood, swamp_pool4,
          cheibrodos_swamp_kobolds, uniq_donald, uniq_kirke
Swamp:4:  grunt_swamp_rune_castle, layout_basic_swamp
Spider:1: layout_spider_delve, gammafunk_ghost_cemetery,
          hangedman_spider_tarantella_strand, uniq_aizul, uniq_asterion
Spider:2: layout_spider_delve, minivault_29
Spider:3: layout_spider_delve, nicolae_spider_cling_ruins
Spider:4: johnstein_spider_rune_arachne_lair, drop_trap
Orc:1:    layout_caves, uniq_jorgrun
Orc:2:    st_orc_mages, layout_diamond_mine
Elf:1:    eino_elf_arrival_the_gate, layout_loops_corners,
          hangedman_elf_disciples, dk_noncrumbling_4
Elf:2:    layout_geoelf_octagon, ebering_ghost_rock_garden, serial_shops,
          nicolae_shop_crystal
Elf:3:    grunt_elf_hall_asides, layout_geoelf_diagonals, serial_shops,
          shop_statue, shop, shop, ebering_ghost_reflecting_pool, minivault_15,
          hangedman_decor_cross_pass
Vaults:1: st_hourglassy, vaults_room_ringed_pool, v_misc_19,
          nicolae_vaults_network_square, nicolae_vaults_network_quincunx
          [nicolae_vaults_network_quincunx_subvault,
          nicolae_vaults_network_quincunx_subvault,
          nicolae_vaults_network_quincunx_subvault,
          nicolae_vaults_network_quincunx_subvault,
          nicolae_vaults_network_quincunx_subvault], grunt_vaults_funnel,
          nicolae_vaults_little_squares_4, vaults_dpeg_hooks,
          layout_vaults_chaotic_city
Vaults:2: vaults_dpeg_spiral, nicolae_vaults_stairing_the_circle,
          nicolae_vaults_an_arrangement, nicolae_vaults_little_squares_2,
          minmay_crypt_entry_necro_gods, nicolae_vaults_little_squares_4,
          grunt_vaults_twisty, layout_vaults_omnigrid, mu_enter_wizlab_1,
          serial_shops, nicolae_shop_stone
Vaults:3: ebering_vaults_ghost_reflecting_pool, nicolae_vaults_c_with_doors,
          v_misc_2, v_misc_32, ontoclasm_vaults_pinch, vaults_room_corners,
          v_rooms_6, layout_vaults_maze_snakey, uniq_mennas

Skill      XL: |  1  2  3  4  5  6  7  8  9 10 11 12 13 14 15 16 17 18 19 20 |
---------------+-------------------------------------------------------------+-----
Earth Magic    | 3 4 5 7 9 10 11 13 14 16 17 18 19 21 22 23 | 23.5
Spellcasting   | 2 3 4 5 6 7 9 10 11 12 13 14 15 16 17 | 17.0
Shields        | 2 4 5 7 8 10 11 12 13 14 15 16 | 16.7
Dodging        | |  1.7
Stealth        | |  1.7
Transmutations | |  0.8

Action                   |  1- 3 |  4- 6 |  7- 9 | 10-12 | 13-15 | 16-18 | 19-21 || total
-------------------------+-------+-------+-------+-------+-------+-------+-------++-------
Melee: Unarmed           |    33 |       |       |       |       |       |       ||    33
       Dagger            |    13 |       |    27 |   117 |       |       |       ||   157
       Quarterstaff      |     8 |    53 |       |       |       |       |       ||    61
       Mace              |       |    15 |   149 |       |       |       |       ||   164
       Flail             |       |       |       |    47 |    79 |       |       ||   126
       Staff             |       |       |       |       |       |    23 |     1 ||    24
Throw: Stone             |       |       |     1 |       |     3 |     2 |     1 ||     7
 Cast: Sandblast         |    36 |    55 |    62 |   117 |   205 |   147 |     6 ||   628
       Stone Arrow       |       |     2 |    35 |   116 |   108 |       |       ||   261
       Lee's Rapid Decon |       |       |    14 |   101 |   237 |   193 |    54 ||   599
       Petrify           |       |       |       |     5 |     4 |    10 |       ||    19
       Mephitic Cloud    |       |       |       |       |     4 |       |       ||     4
       Iron Shot         |       |       |       |       |   141 |   364 |   114 ||   619
       Blink             |       |       |       |       |       |    16 |     1 ||    17
       Shatter           |       |       |       |       |       |     6 |    28 ||    34
Evoke: Wand              |       |       |     3 |    11 |    22 |     7 |       ||    43
       Box of beasts     |       |       |       |       |       |     1 |       ||     1
       Tin of tremorston |       |       |       |       |       |     2 |       ||     2
  Use: Scroll            |       |     7 |     5 |     9 |    28 |    20 |     3 ||    72
       Potion            |       |     2 |     5 |       |     1 |    10 |       ||    18
 Stab: Sleeping          |     3 |     3 |     7 |     1 |     1 |       |       ||    15
       Paralysed         |       |     2 |       |       |       |       |       ||     2
       Distracted        |       |       |     1 |       |     1 |       |       ||     2
  Eat: Chunk             |     4 |     6 |    18 |    36 |    47 |    30 |    18 ||   159
       Ration            |       |       |       |     3 |     7 |     9 |     3 ||    22
Armor: Robe              |    11 |    18 |    49 |    53 |    69 |    17 |    11 ||   228
       Swamp dragon scal |       |       |       |       |       |   112 |     1 ||   113
Dodge: Dodged            |    45 |    59 |   167 |   136 |   144 |   158 |    27 ||   736
Block: Kite shield       |       |       |       |   120 |   211 |   218 |    35 ||   584
